AoeStats
← 念

Arena

510108210Analyzed
4v4 RM · 3d ago on Sep 29, 2026· 94m 28s· 8 players
Game mode
Random Map
Map size
Large (8 player)
Population
200
Speed
Normal
Resources
Standard
Victory
Conquest
Starting age
Dark Age
Ending age
Imperial Age
RankedLock teamsTeams togetherTeam positionsShared explorationLock speedFull tech treeHidden civsTurbo modeCheats
Victory
Defeat
🇹🇼 Bohemians · Taiwan
1329
+15
🇨🇳 Ethiopians · China
1272
+18
🇪🇸 Muisca · Spain
1250
+18
🇨🇳 Hindustanis · China
1248
+19
🇳🇱 Bohemians · Netherlands
1345
-19
🇪🇸 Britons · Spain
1319
-18
🇺🇸 Khmer · United States
1315
-18
🇪🇸 Turks · Spain
1253
-15
念
10:04 Feudal Age
14:19 Castle Age
12:06 Double-Bit Axe
15:36 Bow Saw
20:05 Wheelbarrow
19:21 Loom
19:25 Town Watch
23:43 Hand Cart
29:41 Imperial Age
27:21 Scale Barding Armor
27:26 Forging
27:37 Gold Mining
27:39 Stone Mining
29:14 Chain Barding Armor
29:30 Iron Casting
29:07 Horse Collar
30:09 Bloodlines
29:59 Husbandry
31:23 Two-Man Saw
29:52 Heavy Camel Rider
31:18 Plate Barding Armor
30:54 Heavy Plow
31:31 Gold Shaft Mining
31:34 Stone Shaft Mining
31:45 Conscription
31:31 Grand Trunk Road
33:13 Blast Furnace
31:58 Imperial Camel Rider
34:31 Siege Engineers
34:22 Onager
35:13 Siege Elephant
37:51 Light Cavalry
39:08 Hussar
40:53 Hoardings
40:21 Shatagni
40:41 Padded Archer Armor
41:48 Caravan
44:42 Fletching
46:40 Bodkin Arrow
53:01 Bracer
54:03 Chemistry
53:23 Ballistics
53:14 Masonry
53:18 Fortified Wall
53:28 Ballistics
54:09 Chemistry
55:47 Leather Archer Armor
55:38 Murder Holes
60:02 Ring Archer Armor
81:45 Coinage
85:06 Banking
88:07 Banking
Cris Jr.
10:07 Feudal Age
10:38 Double-Bit Axe
15:02 Castle Age
16:15 Bow Saw
16:09 Horse Collar
17:22 Loom
18:09 Heavy Plow
20:41 Wheelbarrow
19:54 Town Watch
21:24 Gold Mining
21:55 Stone Mining
23:28 Hand Cart
26:20 Gold Shaft Mining
26:23 Stone Shaft Mining
28:48 Imperial Age
26:24 Scale Mail Armor
26:35 Forging
27:45 Chain Mail Armor
27:36 Squires
28:34 Iron Casting
28:56 Elite Temple Guard
30:11 Plate Mail Armor
32:44 Conscription
33:36 Two-Man Saw
33:33 Crop Rotation
34:48 Capped Ram
52:05 Hoardings
51:49 Masonry
54:50 Ballistics
55:30 Chemistry
55:47 Chemistry
84:52 Pikeman
TheLastOne
6:02 Loom
8:57 Feudal Age
9:55 Double-Bit Axe
12:11 Fletching
14:04 Horse Collar
20:50 Wheelbarrow
23:42 Castle Age
21:49 Stone Mining
29:02 Imperial Age
33:01 Capped Ram
35:11 Bow Saw
39:16 Two-Man Saw
38:34 Hand Cart
38:05 Town Watch
38:07 Crossbowman
38:08 Elite Skirmisher
39:32 Bodkin Arrow
40:25 Bracer
40:14 Arbalester
40:59 Thumb Ring
41:10 Thumb Ring
41:07 Padded Archer Armor
41:45 Conscription
44:14 Ballistics
44:55 Chemistry
45:00 Leather Archer Armor
44:57 Siege Ram
47:25 Ring Archer Armor
48:02 Town Patrol
48:04 Scale Mail Armor
48:14 Forging
49:46 Chain Mail Armor
49:33 Squires
52:00 Heavy Plow
53:27 Murder Holes
53:38 Siege Engineers
56:32 Halberdier
56:57 Arson
61:05 Masonry
61:31 Coinage
61:11 Guilds
61:03 Caravan
63:26 Plate Mail Armor
63:32 Iron Casting
65:18 Husbandry
64:39 Light Cavalry
65:26 Scale Barding Armor
66:13 Hussar
67:19 Chain Barding Armor
68:00 Blast Furnace
72:49 Banking
73:04 Torsion Engines
73:37 Architecture
73:18 Fortified Wall
72:37 Heavy Scorpion
86:26 Gold Mining
DeeperDeeper
10:20 Feudal Age
11:55 Double-Bit Axe
14:37 Castle Age
14:27 Town Watch
15:36 Loom
16:26 Bow Saw
18:19 Horse Collar
29:03 Imperial Age
27:00 Heavy Plow
28:31 Wheelbarrow
29:11 Town Patrol
31:30 Two-Man Saw
31:40 Wagenburg Tactics
33:39 Siege Engineers
33:58 Conscription
33:44 Fletching
36:52 Chemistry
37:32 Masonry
36:58 Houfnice
38:43 Forging
38:33 Scale Mail Armor
37:55 Pikeman
38:56 Squires
39:03 Halberdier
42:00 Ballistics
42:57 Architecture
50:37 Caravan
52:10 Iron Casting
52:01 Hand Cart
54:54 Bodkin Arrow
55:17 Chain Mail Armor
56:14 Arrowslits
56:26 Guard Tower
65:10 Plate Mail Armor
67:31 Blast Furnace
66:32 Bracer
80:29 Elite Skirmisher
81:50 Bracer
81:50 Padded Archer Armor
83:48 Leather Archer Armor
85:38 Capped Ram
90:50 Ring Archer Armor
American
11:08 Feudal Age
14:15 Castle Age
12:20 Double-Bit Axe
12:33 Horse Collar
15:34 Bow Saw
17:23 Wheelbarrow
17:17 Heavy Plow
20:34 Gold Mining
21:09 Hand Cart
21:18 Gold Mining
23:09 Gold Shaft Mining
22:29 Stone Mining
28:06 Imperial Age
25:24 Loom
28:01 Ballistics
28:16 Scale Barding Armor
28:22 Forging
28:18 Heavy Scorpion
29:14 Double Crossbow
30:04 Crop Rotation
30:03 Chain Barding Armor
30:57 Chemistry
31:13 Iron Casting
31:39 Conscription
31:35 Siege Engineers
31:46 Bloodlines
31:37 Husbandry
30:58 Light Cavalry
32:20 Plate Barding Armor
34:27 Blast Furnace
33:11 Hussar
40:22 Fortified Wall
70:32 Fletching
78:15 Bodkin Arrow
79:01 Murder Holes
Mowi1376
6:49 Loom
10:06 Feudal Age
15:16 Castle Age
14:06 Fletching
15:16 Double-Bit Axe
15:25 Town Watch
26:53 Padded Archer Armor
27:53 Wheelbarrow
27:12 Gold Mining
27:20 Pikeman
29:43 Gambesons
30:46 Bow Saw
31:07 Squires
34:21 Hand Cart
37:27 Imperial Age
35:31 Leather Archer Armor
38:45 Conscription
38:37 Halberdier
40:59 Scale Mail Armor
42:32 Horse Collar
43:30 Forging
44:58 Iron Casting
44:48 Ballistics
44:52 Conscription
45:38 Heavy Plow
46:44 Stone Mining
48:12 Chain Mail Armor
50:13 Blast Furnace
49:19 Arson
50:58 Plate Mail Armor
52:39 Bodkin Arrow
58:44 Elite Longbowman
60:40 Bracer
61:10 Ring Archer Armor
60:41 Bracer
61:11 Ring Archer Armor
63:37 Two-Man Saw
66:39 Caravan
68:34 Gold Shaft Mining
71:51 Ring Archer Armor
72:24 Masonry
74:43 Chemistry
74:17 Architecture
74:17 Yeomen
78:50 Hoardings
84:13 Coinage
88:24 Siege Engineers
CheekyChuKoNu
11:30 Feudal Age
15:09 Castle Age
13:35 Double-Bit Axe
14:48 Horse Collar
15:59 Wheelbarrow
18:20 Bow Saw
29:17 Imperial Age
26:33 Loom
27:04 Hand Cart
28:25 Chemistry
27:27 Padded Archer Armor
28:58 Ballistics
30:42 Leather Archer Armor
32:38 Ring Archer Armor
35:23 Houfnice
37:25 Heavy Plow
38:25 Two-Man Saw
39:28 Conscription
39:15 Wagenburg Tactics
41:41 Fletching
42:17 Houfnice
43:05 Siege Engineers
43:11 Masonry
46:01 Coinage
48:28 Town Watch
58:42 Bodkin Arrow
68:51 Banking
71:37 Caravan
Pos3YDoN86
11:51 Feudal Age
10:26 Loom
15:18 Fletching
22:43 Castle Age
20:48 Double-Bit Axe
24:08 Bow Saw
29:02 Horse Collar
30:26 Padded Archer Armor
33:18 Wheelbarrow
34:40 Fortified Wall
34:43 Bodkin Arrow
34:54 Town Watch
37:10 Leather Archer Armor
37:32 Heavy Plow
40:58 Hand Cart
41:34 Scale Barding Armor
41:40 Forging
44:24 Imperial Age
42:00 Gold Mining
42:01 Stone Mining
43:30 Chain Barding Armor
43:46 Iron Casting
44:10 Bloodlines
44:00 Husbandry
45:48 Plate Barding Armor
53:24 Blast Furnace
51:55 Heavy Camel Rider
53:16 Heavy Camel Rider
65:04 Ring Archer Armor
93:47 Heavy Camel Rider
Connection lost

Rejoining the realm…

Still unreachable

The connection could not be restored.

Session expired

The server has moved on; the page needs a fresh start.